 Dungeon Crawl Stone Soup version 0.26-a0-1184-g95e395e029 (webtiles) character file.

Game seed: 1034217706845623742

1924 Arthanis the Chopper (level 9, -2/56 HPs)
             Began as a Gargoyle Berserker on Dec 27, 2020.
             Was a Priest of Trog.
             Slain by an orc knight
             ... wielding a +0 halberd
              (7 damage)
             ... in a bailey.
             The game lasted 00:10:43 (6725 turns).

Arthanis the Chopper (Gargoyle Berserker)           Turns: 6725, Time: 00:10:44

Health: -2/56      AC: 21    Str: 20    XL:     9   Next: 17%
Magic:  9/9        EV:  8    Int: 12    God:    Trog [***...]
Gold:   297        SH:  0    Dex:  9    Spells: 8/8 levels left

rFire    . . .     SeeInvis .   a - +0 hand axe
rCold    . . .     Faith    +   (no shield)
rNeg     + + .     Spirit   .   c - +0 chain mail
rPois    ∞         Reflect  .   g - +0 helmet
rElec    +         Harm     .   p - +0 cloak
rCorr    +         Rampage  .   y - +0 pair of gloves
Will     ++...                  q - +0 pair of boots
Stlth    ..........             F - amulet of faith
HPRegen  1.18/turn              m - ring of resist corrosion
MPRegen  0.11/turn              t - ring of positive energy

@: berserk cooldown, regenerating, slowed, very slow
A: negative energy resistance 1, electricity resistance, unbreathing,
petrification resistance, miasma immunity, AC +6
a: Renounce Religion, Berserk, Trog's Hand


You were in a bailey.
You worshipped Trog.
Trog was most pleased with you.
You visited 1 branch of the dungeon, and saw 6 of its levels.
You also visited: Sewer and Bailey.

You collected 297 gold pieces.

Inventory:

Hand Weapons
 a - a +0 hand axe (weapon)
 l - a +0 scythe
 H - a +0 spear
 J - a +0 arbalest
Missiles
 I - 277 bolts
Armour
 b - a +0 animal skin
 c - a +0 chain mail (worn)
 g - a +0 helmet (worn)
 o - a +0 cloak
 p - a +0 cloak (worn)
 q - a +0 pair of boots (worn)
 w - the +5 buckler of the Apothecary {rPois Str-4 Int+10}
   (You found it on level 4 of the Dungeon)

   It affects your strength (-4).
   It affects your intelligence (+10).
   It protects you from poison.
 y - a +0 pair of gloves (worn)
 K - a +0 ring mail
Jewellery
 f - an uncursed amulet of guardian spirit
 m - a ring of resist corrosion (left hand)
 t - a ring of positive energy (right hand)
 F - an amulet of faith (around neck)
Wands
 x - a wand of iceblast (4)
 A - a wand of disintegration (13)
Scrolls
 i - a scroll of teleportation
 k - a scroll of magic mapping {unknown}
 r - 2 scrolls of identify
 v - a scroll of fog {unknown}
 z - a scroll of remove curse {unknown}
 B - a scroll of summoning {unknown}
 G - a scroll of amnesia {unknown}
Potions
 d - a potion of magic {unknown}
 e - 2 potions of curing
 h - 2 potions of flight
 j - 2 potions of mutation {unknown}
 n - a potion of attraction {unknown}
 s - a potion of lignification {unknown}
 u - a potion of brilliance {unknown}
 C - a potion of berserk rage {unknown}
 D - 2 potions of might {unknown}
 E - a potion of invisibility {unknown}


   Skills:
 + Level 6.8 Fighting
 * Level 7.7 Axes
 - Level 6.0 Armour
 - Level 2.0 Dodging
 - Level 4.0 Shields
 + Level 0.4 Evocations


You had 8 spell levels left.
You didn't know any spells.
Your spell library was empty.

Dungeon Overview and Level Annotations

Branches:
Dungeon (5/15)             Temple (0/1) D:4           Sewer (visited)
 Bailey (1/1)

Altars:
Dithmenos
The Shining One

Shops:
D:4 [

Annotations:
D:8 Erica, Grum, Joseph


Innate Abilities, Weirdness & Mutations

You are resistant to torment.
Your stone body is resilient. (AC +6)
You are immune to poison.
You resist negative energy. (rN+)
You are resistant to electric shocks. (rElec)
You can survive without breathing.
You are immune to petrification.
You are immune to miasma.


Message History

Trog's vigour flows through your veins.
You are exhausted.
You feel yourself slow down.
You hit the orc knight but do no damage.
The orc knight is severely wounded.
The orc knight closely misses you.
Your skin crawls.
You feel strong-willed. The orc knight closely misses you.
The orc knight hits you but does no damage.
Okay, then.
The orc knight hits you but does no damage.
The orc knight hits you from afar with a +0 halberd.
* * * LOW HITPOINT WARNING * * *
The orc knight hits you from afar with a +0 halberd.
* * * LOW HITPOINT WARNING * * *
The orc knight hits you from afar with a +0 halberd!
* * * LOW HITPOINT WARNING * * *
The orc knight hits you from afar with a +0 halberd!
You die...

......##...............#
#######....≈≈≈≈≈.......#
.###......≈.#.#≈≈......#
..........≈#∩.##≈......#
..........≈..^.)≈......#
..........≈##.##≈......#
..........≈≈#)#≈≈......#
...........≈≈≈≈≈..)....#
..............o.@......#
.......................#
.......................#
.......................#
.....................∩.#
......................∩#
########################


You could see an orc knight.

Vanquished Creatures
  Sigmund (D:2)
  8 orc warriors (Bailey)
  A water moccasin (Sewer)
  A scorpion (D:4)
  2 wights (D:8)
  A howler monkey (D:8)
  2 orc priests
  A hound (D:4)
  2 orc wizards
  3 centaur skeletons
  Jessica (D:3)
  9 worker ants
  A hound zombie (D:8)
  A howler monkey zombie (D:8)
  4 gnolls (D:4)
  11 adders
  An ooze (D:2)
  2 worms
  2 dart slugs
  24 orcs
  13 bats
  5 giant cockroaches
  8 goblins
  11 hobgoblins
  7 jackals
  2 ball pythons (D:1)
  A frilled lizard (D:1)
  2 kobolds
  8 rats
135 creatures vanquished.

Vanquished Creatures (others)
  8 plants
8 creatures vanquished.

Grand Total: 143 creatures vanquished

Notes
Turn   | Place    | Note
-------+----------+-------------------------------------------
     0 | D:1      | Arthanis the Gargoyle Berserker began the quest for the
                  | Orb.
     0 | D:1      | Reached XP level 1. HP: 14/14 MP: 1/1
    67 | D:1      | Reached XP level 2. HP: 17/19 MP: 2/2
    71 | D:1      | Reached skill level 3 in Axes
   304 | D:1      | Reached XP level 3. HP: 18/23 MP: 1/3
   426 | D:1      | Reached ** piety under Trog
  1126 | D:2      | Found a faded altar of an unknown god.
  1149 | D:2      | Noticed Sigmund
  1164 | D:2      | Killed Sigmund
  1165 | D:2      | Reached skill level 4 in Axes
  1165 | D:2      | Reached XP level 4. HP: 22/30 MP: 2/4
  1165 | D:2      | Reached XP level 5. HP: 25/34 MP: 2/5
  1838 | D:2      | Reached XP level 6. HP: 38/39 MP: 4/6
  1863 | D:2      | Found a glowing golden altar of the Shining One.
  2333 | D:3      | Noticed Jessica
  2349 | D:3      | Killed Jessica
  2930 | D:4      | Got a distressingly furry buckler
  2948 | D:4      | Reached skill level 5 in Axes
  2959 | D:4      | Identified the +5 buckler of the Apothecary {rPois Str-4
                  | Int+10} (You found it on level 4 of the Dungeon)
  2977 | D:4      | Found Bejes's Armour Emporium.
  3020 | D:4      | Reached *** piety under Trog
  3021 | D:4      | Reached skill level 5 in Fighting
  3021 | D:4      | Reached XP level 7. HP: 35/44 MP: 5/7
  3076 | D:4      | Found a glowing drain.
  3110 | Sewer    | Entered a sewer
  3171 | Sewer    | Reached skill level 1 in Shields
  3634 | D:4      | Found a staircase to the Ecumenical Temple.
  3709 | D:4      | Found a shadowy altar of Dithmenos.
  3731 | D:4      | Reached skill level 6 in Axes
  3731 | D:4      | Reached XP level 8. HP: 50/50 MP: 6/8
  4133 | D:5      | Entered Level 5 of the Dungeon
  4199 | D:5      | You fall into a shaft and drop 3 floors!
  4208 | D:8      | Noticed Erica
  4214 | D:8      | Reached skill level 5 in Armour
  4236 | D:8      | Noticed Joseph
  4251 | D:8      | Found a flagged portal.
  4438 | D:8      | Noticed Grum
  4444 | Bailey   | Entered a bailey
  5451 | Bailey   | Reached skill level 7 in Axes
  6091 | Bailey   | Reached XP level 9. HP: 45/56 MP: 9/9
  6590 | Bailey   | Noticed an orc knight
  6723 | Bailey   | HP: 1/56 [orc knight/+0 halberd (12)]
  6725 | Bailey   | Slain by an orc knight

Illustrated notes

Levels and vault maps discovered:
D:1:      psy_arrival_basics, layout_basic, minmay_nonomino_d4
D:2:      layout_basic, lemuel_coloured_pillars_altar,
          chequers_ecumenical_altar_twisty, uniq_sigmund
D:3:      layout_basic, serial_forest, infiniplex_forest_clump_C,
          infiniplex_forest_clump_curved, infiniplex_forest_clump_cross,
          infiniplex_forest_end_2, infiniplex_forest_side_room,
          infiniplex_forest_pool, infiniplex_forest_straight_3,
          infiniplex_forest_lined_4_way, infiniplex_forest_clump_long,
          infiniplex_forest_lined_room_, uniq_jessica
D:4:      minmay_diamond_boxcup, layout_basic, overflow_temple_1_default,
          minmay_temple_entry_overgrown, serial_shops, shop,
          gup_sewer_entry_glass
D:5:      layout_layer_cave
D:8:      layout_cave_pools, gammafunk_temple_overflow_wave, enter_bailey_3,
          serial_shops, nicolae_shop_stone, uniq_erica, uniq_joseph, uniq_grum
Bailey:   bailey_polearm_2, bailey

Skill      XL: |  1  2  3  4  5  6  7  8 |
---------------+-------------------------+-----
Axes           | 3 4 5 6 7 |  7.7
Dodging        | 2 |  2.0
Fighting       | 4 5 6 |  6.8
Armour         | 3 4 6 |  6.0
Shields        | 2 4 |  4.0
Evocations     | |  0.4

Action                   |  1- 3 |  4- 6 |  7- 9 || total
-------------------------+-------+-------+-------++-------
Melee: Hand axe          |   114 |   191 |   413 ||   718
 Fire: Arbalest          |       |       |    50 ||    50
Invok: Berserk           |     1 |     2 |     7 ||    10
       Trog's Hand       |       |       |     9 ||     9
Evoke: Wand              |       |       |     3 ||     3
  Use: Scroll            |       |       |     3 ||     3
       Potion            |       |       |     2 ||     2
Armor: Chain mail        |    86 |   126 |   379 ||   591
Dodge: Dodged            |    63 |    66 |   258 ||   387
Block: Buckler           |       |     9 |    18 ||    27

Table legend: (Time is in decaauts)
 A = Elapsed time spent in this place.
 B = Non-inter-level travel time spent in this place.
 C = Inter-level travel time spent in this place.
 D = Time resting spent in this place.
 E = Time spent auto-exploring this place.
 F = Levels seen in this place.
 G = Mean time per level.
                   A        B        C        D        E       F      G
               +--------+--------+--------+--------+--------+-----+--------+
         Total |   6883 |   6731 |    152 |    866 |   4090 |   8 |  860.4 |
       Dungeon |   4393 |   4241 |    152 |     70 |   3084 |   6 |  732.2 |
         Sewer |    150 |    150 |      0 |      0 |     90 |   1 |  150.0 |
        Bailey |   2339 |   2339 |      0 |    796 |    916 |   1 | 2339.0 |
               +--------+--------+--------+--------+--------+-----+--------+

Top non-repeatable levels by time:
  Bailey: 2339 daAuts
     D:1: 1122 daAuts
     D:4: 1072 daAuts
     D:2: 1002 daAuts
     D:3: 860 daAuts
     D:8: 269 daAuts
   Sewer: 150 daAuts
     D:5: 65 daAuts
